 Dungeon Crawl Stone Soup version 0.30-a0-723-gc1506a1cf0 (webtiles) character file.

Game seed: 12208649816389379930

184 Leeroy the Grasshopper (level 5, -5/43 HPs)
             Began as a Gnoll Warper on Jan 28, 2023.
             Killed from afar by an orc wizard (9 damage)
             ... with a magic dart
             ... on level 2 of the Dungeon.
             The game lasted 00:02:11 (1858 turns).

Leeroy the Grasshopper (Gnoll Warper)               Turns: 1858, Time: 00:02:11

Health: -5/43      AC:  5    Str: 10    XL:     5   Next: 63%
Magic:  12/12      EV: 13    Int: 12    God:
Gold:   89         SH:  0    Dex: 14    Spells: 2/14 levels left

rFire   . . .      SeeInvis .    s - +4 dagger
rCold   . . .      Faith    .    (no shield)
rNeg    . . .      Spirit   .    b - +0 leather armour
rPois   .          Reflect  .    (no helmet)
rElec   .          Harm     .    k - +1 cloak
rCorr   .          Rampage  .    (no gloves)
Will    .....                    (no boots)
Stlth   ++                       (no amulet)
HPRegen 0.27/turn                (no ring)
MPRegen 0.13/turn                (no ring)

@: no status effects
A: fangs 1, strong nose, distributed training
a: no special abilities


You were on level 2 of the Dungeon.
You visited 1 branch of the dungeon, and saw 3 of its levels.

You collected 89 gold pieces.

Inventory:

Hand Weapons
 a - a +0 falchion
 p - a +1 dagger of venom
 s - a +4 dagger (weapon)
Missiles
 d - 7 boomerangs of dispersal (quivered)
Armour
 b - a +0 leather armour (worn)
 k - a +1 cloak (worn)
Wands
 r - a wand of polymorph (4)
Scrolls
 c - a scroll of blinking
 e - a scroll of teleportation {unknown}
 g - 3 scrolls of magic mapping {unknown}
 j - a scroll of torment {unknown}
 n - a scroll of fog {unknown}
 o - 2 scrolls of identify {unknown}
Potions
 f - 3 potions of heal wounds {unknown}
 h - a potion of haste {unknown}
 i - a potion of invisibility {unknown}
 l - a potion of brilliance {unknown}
 m - a potion of flight {unknown}
 q - a potion of might {unknown}


   Skills:
 + Level 4.8 Fighting
 + Level 1.6 Short Blades
 + Level 4.8 Long Blades
 + Level 1.6 Axes
 + Level 1.6 Maces & Flails
 + Level 1.6 Polearms
 + Level 1.6 Staves
 + Level 1.6 Ranged Weapons
 + Level 3.1 Throwing
 + Level 3.1 Armour
 + Level 4.8 Dodging
 + Level 1.6 Stealth
 + Level 1.6 Shields
 + Level 1.6 Unarmed Combat
 + Level 5.2 Spellcasting
 + Level 1.3 Conjurations
 + Level 1.3 Hexes
 + Level 1.3 Summonings
 + Level 1.3 Necromancy
 + Level 5.6 Translocations
 + Level 1.3 Transmutations
 + Level 1.3 Fire Magic
 + Level 1.3 Ice Magic
 + Level 1.3 Air Magic
 + Level 1.3 Earth Magic
 + Level 1.3 Poison Magic
 + Level 1.9 Invocations
 + Level 1.6 Evocations


You had 2 spell levels left.
You knew the following spells:

 Your Spells              Type           Power      Damage    Failure   Level
a - Blink                 Tloc           32%        N/A       3%          2
b - Vhi's Electric Charg  Tloc/Air       22%        N/A       19%         3
c - Teleport Other        Tloc           16%        N/A       8%          3
d - Manifold Assault      Tloc           16%        N/A       26%         4

Your spell library contained the following spells:

 Spells                   Type           Power      Damage    Failure   Level
 Lesser Beckoning         Tloc           32%        N/A       3%          2
 Magic Dart               Conj           24%        1d4       16%         1
 Sting                    Tmut/Pois      24%        1d4       16%         1
 Summon Small Mammal      Summ           24%        N/A       16%         1
 Call Imp                 Summ           6%         N/A       22%         2
 Poisonous Vapours        Pois/Air       12%        N/A       22%         2
 Call Canine Familiar     Summ           6%         N/A       41%         3
 Mephitic Cloud           Conj/Pois/Air  6%         N/A       41%         3
 Summon Guardian Golem    Hex/Summ       6%         N/A       41%         3
 Olgreb's Toxic Radiance  Pois           6%         N/A       83%         4
 Orb of Destruction       Conj           3%         9d5       100%        7
 Spellforged Servitor     Conj/Summ      3%         N/A       100%        7


Dungeon Overview and Level Annotations

Branches:
Dungeon (3/15)

Altars:

Annotations:
D:2 Sigmund


Innate Abilities, Weirdness & Mutations

You have very sharp teeth.
Your uncanny sense of smell can sniff out nearby items.
Your experience applies equally to all skills.


Message History

a +0 dagger; a +0 leather armour; 11 gold pieces Something hits you.
Things that are here:
a +0 dagger; a +0 leather armour; 11 gold pieces You barely miss something.
You hear some strange, mumbled words.
A magic dart appears from out of thin air!
The magic dart hits you!
* * * LOW HITPOINT WARNING * * *
You hit something but do no damage. Something hits you but does no damage.
You miss something. Something hits you but does no damage.
You closely miss something. Something hits you but does no damage.
You miss something. You bite something. Something hits you but does no damage.
You hit something but do no damage. Something hits you but does no damage.
You hit something but do no damage. Something hits you.
* * * LOW HITPOINT WARNING * * *
You hit something. Something hits you.
* * * LOW HITPOINT WARNING * * *
You closely miss something. You miss something.
You hear some strange, mumbled words.
Something tries to affect you, but you resist.
You completely miss something. Something hits you.
* * * LOW HITPOINT WARNING * * *
You barely miss something.
You hear some strange, mumbled words.
Something tries to affect you, but you resist.
You hit something. Something hits you.
* * * LOW HITPOINT WARNING * * *
You hit something. Something hits you.
* * * LOW HITPOINT WARNING * * *
You closely miss something. Something hits you but does no damage.
You hit something. You bite something. Something hits you but does no damage.
You hit something. Your punch misses something. Something hits you.
* * * LOW HITPOINT WARNING * * *
You barely miss something.
You hear some strange, mumbled words.
A magic dart appears from out of thin air!
The magic dart hits you!
You die...

##..#.......# #.
#.....####### #.
#.#..## #.
#.##.#..# #.
#.......# ########.
##. ####.#..#
#........ ..####..
###.#..# #>#
.....[.. #.....[#
##{######.#######..
#.#.#)#.#
#.@.......# ##.
#....###.#
#..######## #.
#.<..# #......# #.
#....# #.#####.# #.
#.###.# #.# #. #.
#.# #.# ## #. ...
#.# ## ### #$# ..#


There were no monsters in sight!

Vanquished Creatures
  An orc priest (D:2)
  Ijyb (D:3)
  Terence (D:2)
  An orc wizard (D:3)
  An adder (D:2)
  3 worms
  3 dart slugs
  5 orcs
  2 ball pythons
  2 bats (D:1)
  4 endoplasms
  3 giant cockroaches
  7 goblins
  2 hobgoblins (D:1)
  2 jackals (D:2)
  3 kobolds
  A quokka (D:1)
  6 rats
48 creatures vanquished.

Vanquished Creatures (others)
  An orc (D:2)
1 creature vanquished.

Grand Total: 49 creatures vanquished

Notes
Turn   | Place    | Note
-------+----------+-------------------------------------------
     0 | D:1      | Leeroy the Gnoll Warper began the quest for the Orb.
     0 | D:1      | Reached XP level 1. HP: 20/20 MP: 6/6
    92 | D:1      | Reached XP level 2. HP: 9/26 MP: 7/7
   397 | D:1      | Learned a level 2 spell: Blink
   443 | D:1      | Reached skill level 5 in Spellcasting
   443 | D:1      | Reached XP level 3. HP: 31/31 MP: 7/9
   838 | D:2      | Noticed Terence
   850 | D:2      | Killed Terence
   851 | D:2      | Reached skill level 1 in Short Blades
   851 | D:2      | Reached skill level 1 in Axes
   851 | D:2      | Reached skill level 1 in Maces & Flails
   851 | D:2      | Reached skill level 1 in Polearms
   851 | D:2      | Reached skill level 1 in Staves
   851 | D:2      | Reached skill level 1 in Ranged Weapons
   851 | D:2      | Reached skill level 1 in Stealth
   851 | D:2      | Reached skill level 1 in Shields
   851 | D:2      | Reached skill level 1 in Unarmed Combat
   851 | D:2      | Reached skill level 1 in Invocations
   851 | D:2      | Reached skill level 1 in Evocations
   973 | D:2      | Learned a level 3 spell: Vhi's Electric Charge
   977 | D:2      | Learned a level 3 spell: Teleport Other
  1010 | D:2      | Reached XP level 4. HP: 20/38 MP: 11/11
  1099 | D:2      | Learned a level 4 spell: Manifold Assault
  1289 | D:2      | Reached skill level 1 in Conjurations
  1289 | D:2      | Reached skill level 1 in Hexes
  1289 | D:2      | Reached skill level 1 in Summonings
  1289 | D:2      | Reached skill level 1 in Necromancy
  1289 | D:2      | Reached skill level 1 in Transmutations
  1289 | D:2      | Reached skill level 1 in Fire Magic
  1289 | D:2      | Reached skill level 1 in Ice Magic
  1289 | D:2      | Reached skill level 1 in Air Magic
  1289 | D:2      | Reached skill level 1 in Earth Magic
  1289 | D:2      | Reached skill level 1 in Poison Magic
  1473 | D:2      | Noticed Sigmund
  1553 | D:3      | Noticed Ijyb
  1572 | D:3      | Killed Ijyb
  1587 | D:3      | Reached XP level 5. HP: 27/43 MP: 12/12
  1858 | D:2      | Killed from afar by an orc wizard

Illustrated notes

Levels and vault maps discovered:
D:1:      dpeg_arrival_lava_altar, layout_basic
D:2:      layout_loops_ring, uniq_sigmund, uniq_natasha, uniq_terence
D:3:      layout_basic, nicolae_yredelemnul_corpse_copse, serial_shops, shop,
          serial_corexii_hall, corexii_hall_statues_l, corexii_hall_statues_u,
          minmay_fractal_squares_diagonal_5, uniq_crazy_yiuf_cottage, uniq_ijyb

Skill      XL: |  1  2  3  4  5 |
---------------+----------------+-----
Spellcasting   | 5 |  5.2
Short Blades   | 1 |  1.6
Axes           | 1 |  1.6
Maces & Flails | 1 |  1.6
Polearms       | 1 |  1.6
Staves         | 1 |  1.6
Ranged Weapons | 1 |  1.6
Stealth        | 1 |  1.6
Shields        | 1 |  1.6
Unarmed Combat | 1 |  1.6
Invocations    | 1 |  1.9
Evocations     | 1 |  1.6
Conjurations   | 1 |  1.3
Hexes          | 1 |  1.3
Summonings     | 1 |  1.3
Necromancy     | 1 |  1.3
Transmutations | 1 |  1.3
Fire Magic     | 1 |  1.3
Ice Magic      | 1 |  1.3
Air Magic      | 1 |  1.3
Earth Magic    | 1 |  1.3
Poison Magic   | 1 |  1.3
Throwing       | 3 |  3.1
Armour         | 3 |  3.1
Fighting       | |  4.8
Long Blades    | |  4.8
Dodging        | |  4.8
Translocations | |  5.6

Action                     |  1- 3 |  4- 6 || total
---------------------------+-------+-------++-------
  Melee: Falchion          |    88 |    78 ||   166
         Bite              |    12 |    15 ||    27
         Punch             |     1 |     1 ||     2
         Unarmed           |       |    20 ||    20
         Dagger            |       |    34 ||    34
   Stab: Sleeping          |       |     1 ||     1
 Armour: Leather armour    |    23 |    40 ||    63
         Skin              |       |     6 ||     6
  Dodge: Dodged            |    45 |    53 ||    98

Table legend: (Time is in decaauts)
 A = Elapsed time spent in this place.
 B = Non-inter-level travel time spent in this place.
 C = Inter-level travel time spent in this place.
 D = Time resting spent in this place.
 E = Time spent auto-exploring this place.
 F = Levels seen in this place.
 G = Mean time per level.
                   A        B        C        D        E       F      G
               +--------+--------+--------+--------+--------+-----+--------+
         Total |   1863 |   1802 |     61 |      0 |   1364 |   3 |  621.0 |
       Dungeon |   1863 |   1802 |     61 |      0 |   1364 |   3 |  621.0 |
               +--------+--------+--------+--------+--------+-----+--------+

Top non-repeatable levels by time:
     D:1: 842 daAuts
     D:2: 686 daAuts
     D:3: 335 daAuts
